 Dungeon Crawl Stone Soup version 0.26-a0-712-ga5a9c9c9d0 (webtiles) character file.

Game seed: 3833993936224693022

1988 Azzok the Chopper (level 9, 58/69 HPs)
             Began as a Demonspawn Berserker on Nov 6, 2020.
             Was a High Priest of Trog.
             Quit the game on level 6 of the Dungeon.
             The game lasted 00:10:00 (7624 turns).

Azzok the Chopper (Demonspawn Berserker)            Turns: 7624, Time: 00:10:01

Health: 58/69      AC: 17    Str: 21    XL:     9   Next: 1%
Magic:  9/9        EV:  9    Int:  9    God:    Trog [*****.]
Gold:   104        SH:  0    Dex: 16    Spells: 8/8 levels left

rFire    . . .     SeeInvis .   s - +0 war axe
rCold    . . .     Faith    .   (no shield)
rNeg     . . .     Spirit   .   u - +0 plate armour
rPois    .         Reflect  .   q - +1 helmet
rElec    .         Harm     .   (no cloak)
rCorr    .         Rampage  .   f - +2 pair of gloves
MR       .....                  (no boots)
Stlth    ..........             (no amulet)
HPRegen  0.21/turn              (no ring)
MPRegen  0.11/turn              (no ring)

@: no status effects
A: claws 1, thin skeletal structure 2, powered by pain 1, spiny 1
a: Berserk, Trog's Hand, Brothers in Arms, Renounce Religion


You were on level 6 of the Dungeon.
You worshipped Trog.
Trog was extremely pleased with you.
You visited 1 branch of the dungeon, and saw 6 of its levels.
You also visited: Sewer and Ossuary.

You collected 390 gold pieces.
You spent 286 gold pieces at shops.

Inventory:

Hand Weapons
 a - a +0 hand axe
 n - a +0 rapier of draining
 p - a +0 battleaxe
 s - a +0 war axe (weapon)
Armour
 f - a +2 pair of gloves (worn)
 q - a +1 helmet (worn)
 u - a +0 plate armour (worn)
Jewellery
 D - an uncursed amulet of regeneration {unknown}
Wands
 v - a wand of flame (21)
Scrolls
 b - 4 scrolls of enchant armour
 c - 5 scrolls of teleportation
 g - 3 scrolls of magic mapping
 l - a scroll of fear {unknown}
 m - 5 scrolls of fog
 t - a scroll of enchant weapon {unknown}
 x - a scroll of immolation {unknown}
 y - 4 scrolls of blinking
Potions
 d - 3 potions of flight
 e - a potion of might {unknown}
 h - a potion of degeneration {unknown}
 i - 5 potions of haste
 j - a potion of cancellation
 k - a potion of resistance
 o - 6 potions of heal wounds
 r - a potion of invisibility
 w - 4 potions of curing
 z - 4 potions of magic {unknown}
 A - a potion of berserk rage {unknown}
 B - a potion of mutation {!q}
 C - a potion of lignification


   Skills:
 + Level 6.0 Fighting
 * Level 7.4 Axes
 + Level 5.0 Armour
 + Level 5.0 Dodging


You had 8 spell levels left.
You didn't know any spells.
Your spell library was empty.

Dungeon Overview and Level Annotations

Branches:
Dungeon (6/15)              Sewer (visited)         Ossuary (visited)
 Temple: D:4-7

Altars:
Cheibriados
Dithmenos
Fedhas
Gozag
Qazlal
Ru
Vehumet
Zin

Shops:
D:4 *   D:6 !


Innate Abilities, Weirdness & Mutations

You have sharp fingernails.
You have a moderately thin skeletal structure. (Dex +4, Stealth+)
You sometimes gain a little power by taking damage.
You are partially covered in sharp spines.


Message History

The wight hits you but does no damage.
You closely miss the wight.
The wight is heavily damaged.
The wight barely misses you.
You closely miss the wight.
The wight is heavily damaged.
The wight closely misses you.
You hit the wight.
The wight is severely damaged.
The wight hits you but does no damage.
You slash the wight!
You destroy the wight!
Trog accepts your kill.
Your Dodging skill increases to level 5!
You have reached level 9!
Your experience leads to an increase in your attributes!
Increase (S)trength, (I)ntelligence, or (D)exterity?
You feel stronger.
Your demonic ancestry asserts itself...
Sharp spines emerge from parts of your body.
Are you sure you want to abandon this character and quit the game? (Confirm with "yes".)

▒)·▒▒ ▒▒···▒▒ ▒▒·····▒▒
▒▒▒▒·······▒▒ ▒···········▒
▒·▒▒········▒ ▒◦░▒······▒·▒
░◦░▒·····▒▒·▒▒▒▒▒▒▒▒▒░░░
░░░░◦░▒·········@z······◦◦░
◦◦◦◦◦░▒·▒·▒▒▒▒?▒▒▒▒·▒·▒▒░◦░
░░░░░░▒·▒·▒ ▒·▒ ░◦░◦░ ░◦░
▒·▒·▒░░▒·▒ ░◦◦◦░ ░◦░
▒····◦◦··▒ ░◦◦░░ ░◦░
░░··◦░░▒▒▒ ░◦◦░ ░◦░ ░
░░◦◦◦◦◦░░ ░◦◦░░░░◦░ ░░
░░◦◦◦◦◦◦◦░░ ░░◦◦◦◦◦◦◦░
◦░░░░◦◦◦◦◦◦◦◦◦░░░░◦◦◦░░░░░░


You could see a wight.

Vanquished Creatures
  An orc warrior (D:6)
  2 ogres
  2 centaurs
  2 elf zombies (Ossuary)
  Blork the orc (D:5)
  3 bullfrogs
  2 scorpions
  A howler monkey (D:6)
  3 wights (D:6)
  A centaur skeleton (D:4)
  2 human zombies (Ossuary)
  2 orc priests
  A hound (D:5)
  2 orc wizards
  3 iguanas
  6 worker ants
  2 hound zombies (Ossuary)
  3 mummies (Ossuary)
  A hound skeleton (D:4)
  6 gnolls
  8 adders
  6 river rats (Sewer)
  2 shadow imps
  An ufetubus (D:6)
  5 oozes
  An adder zombie (Ossuary)
  2 adder skeletons (D:4)
  4 worms
  A dart slug (D:4)
  9 leopard geckos
  10 orcs
  14 ball pythons
  3 bats
  7 giant cockroaches
  2 gnoll zombies (Ossuary)
  9 goblins
  7 hobgoblins
  5 jackals
  3 quokkas
  8 frilled lizards
  3 goblin zombies (Ossuary)
  6 hobgoblin zombies (Ossuary)
  A jackal skeleton (D:4)
  3 jackal zombies (Ossuary)
  6 kobolds
  4 kobold zombies (Ossuary)
  A leopard gecko skeleton (D:4)
  2 orc zombies (Ossuary)
  2 quokka zombies
  28 rats
  5 rat zombies (Ossuary)
214 creatures vanquished.

Vanquished Creatures (others)
  3 fungi (D:2)
  4 plants (D:2)
7 creatures vanquished.

Grand Total: 221 creatures vanquished

Notes
Turn   | Place    | Note
-------+----------+-------------------------------------------
     0 | D:1      | Azzok the Demonspawn Berserker began the quest for the Orb.
     0 | D:1      | Reached XP level 1. HP: 18/18 MP: 1/1
   533 | D:1      | Reached skill level 3 in Axes
   533 | D:1      | Gained mutation: You sometimes gain a little power by
                  | taking damage. [demonic ancestry]
   533 | D:1      | Reached XP level 2. HP: 24/24 MP: 2/2
  1379 | D:2      | Found an opulent altar of Gozag.
  1582 | D:2      | Gained mutation: You have a somewhat thin skeletal
                  | structure. (Dex +2, Stealth) [demonic ancestry]
  1582 | D:2      | Reached XP level 3. HP: 19/29 MP: 3/3
  1724 | D:2      | Found a stormy altar of Qazlal.
  1726 | D:2      | Found a blossoming altar of Fedhas.
  1982 | D:2      | HP: 2/43 [poisoned by an adder]
  2184 | D:2      | Reached ** piety under Trog
  2246 | D:2      | Reached XP level 4. HP: 30/35 MP: 4/4
  2373 | D:2      | Found a shadowy altar of Dithmenos.
  2373 | D:2      | Found a snail-covered altar of Cheibriados.
  2920 | D:3      | Reached XP level 5. HP: 4/42 MP: 5/5
  3369 | D:3      | Reached skill level 4 in Axes
  3699 | D:3      | Found a faded altar of an unknown god.
  3770 | D:3      | Reached *** piety under Trog
  3911 | D:4      | Noticed an ogre
  3919 | D:4      | Killed an ogre
  3982 | D:4      | Reached XP level 6. HP: 42/48 MP: 6/6
  4652 | D:4      | Found Zin's Purification Station.
  4657 | D:4      | Found a glowing silver altar of Zin.
  4822 | D:4      | Reached skill level 5 in Axes
  4896 | D:5      | Entered Level 5 of the Dungeon
  4943 | D:5      | Gained mutation: You have a moderately thin skeletal
                  | structure. (Dex +4, Stealth+) [demonic ancestry]
  4943 | D:5      | Reached XP level 7. HP: 55/55 MP: 7/7
  5407 | D:5      | Noticed Blork the orc
  5413 | D:5      | Killed Blork the orc
  5604 | D:5      | Found a sand-covered staircase.
  5609 | Ossuary  | Entered an ossuary
  5736 | Ossuary  | Reached skill level 5 in Fighting
  5747 | Ossuary  | Reached **** piety under Trog
  5961 | Ossuary  | Reached skill level 6 in Axes
  5961 | Ossuary  | Gained mutation: You have sharp fingernails. [demonic
                  | ancestry]
  5961 | Ossuary  | Reached XP level 8. HP: 61/62 MP: 8/8
  6152 | D:5      | Found a sacrificial altar of Ru.
  6458 | D:6      | Found a stormy altar of Qazlal.
  6497 | D:6      | Found a radiant altar of Vehumet.
  6581 | D:6      | Found a glowing drain.
  6587 | Sewer    | Entered a sewer
  6771 | Sewer    | Reached ***** piety under Trog
  7355 | D:6      | Found Vius's Distillery.
  7360 | D:6      | Bought a potion of invisibility for 88 gold pieces
  7360 | D:6      | Bought a potion of haste for 110 gold pieces
  7360 | D:6      | Bought a potion of heal wounds for 55 gold pieces
  7360 | D:6      | Bought a potion of lignification for 33 gold pieces
  7369 | D:6      | Reached skill level 7 in Axes
  7498 | D:6      | Reached skill level 5 in Armour
  7623 | D:6      | Reached skill level 5 in Dodging
  7623 | D:6      | Gained mutation: You are partially covered in sharp spines.
                  | [demonic ancestry]
  7623 | D:6      | Reached XP level 9. HP: 58/69 MP: 9/9
  7624 | D:6      | Quit the game

Illustrated notes

Levels and vault maps discovered:
D:1:      dpeg_arrival_rooms_b, layout_loops_corners
D:2:      layout_loops_ring, grunt_temple_overflow_forces_of_nature,
          nicolae_gozag_cash_rules_everything_around_me,
          nicolae_overflow_hidden_temple
D:3:      layout_basic, chequers_ecumenical_altar_simple
D:4:      layout_rooms, zin_purify, hangedman_glass_teeth
D:5:      layout_cave_pools, nicolae_ru_awakened_eye, enter_ossuary_2,
          uniq_blork_the_orc
D:6:      layout_loops_corners, serial_shops, shop, basic_altar,
          gup_sewer_entry_bubbles, nicolae_qazlal_general_emergency

Skill      XL: |  1  2  3  4  5  6  7  8 |
---------------+-------------------------+-----
Axes           | 3 4 5 6 7 |  7.4
Armour         | 2 3 4 5 |  5.0
Dodging        | 2 3 4 5 |  5.0
Fighting       | 4 5 6 |  6.0

Action                   |  1- 3 |  4- 6 |  7- 9 || total
-------------------------+-------+-------+-------++-------
Melee: Hand axe          |   137 |   162 |       ||   299
       Mace              |       |    48 |       ||    48
       Rapier            |       |    44 |    34 ||    78
       War axe           |       |       |   309 ||   309
Invok: Berserk           |     3 |     5 |     3 ||    11
  Use: Scroll            |     8 |     3 |     4 ||    15
       Potion            |     1 |       |       ||     1
 Stab: Sleeping          |     4 |     5 |       ||     9
Armor: Animal skin       |     7 |       |       ||     7
       Ring mail         |    34 |   107 |    30 ||   171
       Chain mail        |       |       |   198 ||   198
       Plate armour      |       |       |    43 ||    43
Dodge: Dodged            |    85 |   164 |   213 ||   462

Table legend: (Time is in decaauts)
 A = Elapsed time spent in this place.
 B = Non-inter-level travel time spent in this place.
 C = Inter-level travel time spent in this place.
 D = Time resting spent in this place.
 E = Time spent auto-exploring this place.
 F = Levels seen in this place.
 G = Mean time per level.
                   A        B        C        D        E       F      G
               +--------+--------+--------+--------+--------+-----+--------+
         Total |   7916 |   7753 |    163 |    997 |   4908 |   8 |  989.5 |
       Dungeon |   6834 |   6671 |    163 |    712 |   4509 |   6 | 1139.0 |
         Sewer |    570 |    570 |      0 |    108 |    270 |   1 |  570.0 |
       Ossuary |    512 |    512 |      0 |    176 |    128 |   1 |  512.0 |
               +--------+--------+--------+--------+--------+-----+--------+

Top non-repeatable levels by time:
     D:2: 1624 daAuts
     D:4: 1339 daAuts
     D:3: 1276 daAuts
     D:1: 1124 daAuts
     D:6: 740 daAuts
     D:5: 729 daAuts
   Sewer: 570 daAuts
 Ossuary: 512 daAuts
